 Dungeon Crawl Stone Soup version 0.30.0-5-g1a98f26d00 (webtiles) character file.

Game seed: 4738381269855442838

53 FishyPogo the Insei (level 3, 0/28 HPs)
             Began as a Gnoll Transmuter on May 12, 2023.
             Succumbed to an adder's poison
             ... on level 2 of the Dungeon.
             The game lasted 00:13:56 (1223 turns).

FishyPogo the Insei (Gnoll Transmuter)              Turns: 1223, Time: 00:13:56

Health: 0/28       AC:  2    Str:  9 (11) XL:     3   Next: 89%
Magic:  9/9        EV: 13    Int: 10 (12) God:
Gold:   91         SH:  0    Dex:  9 (12) Spells: 9/12 levels left

rFire   . .          .
                       - Unarmed
rCold   . . .        (no shield)
rNeg    . . .        a - +0 robe
rPois   .            (no helmet)
rElec   .            (no cloak)
rCorr   .            (no gloves)
SInv    .            (no boots)
Will    .....        (no amulet)
Stlth   +            (no ring)
HPRegen 0.24/turn    (no ring)
MPRegen 0.11/turn

%: no passive effects
@: lethally poisoned (0 -> -2), hasted, very quick
A: fangs 1, strong nose, distributed training
a: no special abilities


You were on level 2 of the Dungeon.
You visited 1 branch of the dungeon, and saw 2 of its levels.

You collected 91 gold pieces.

Inventory:

Missiles
 d - 5 stones
Armour
 a - a +0 robe (worn)
Jewellery
 c - a ring of fire
Scrolls
 e - 2 scrolls of identify {unknown}
 h - 2 scrolls of teleportation {unknown}
 i - 2 scrolls of amnesia {unknown}
 j - a scroll of brand weapon {unknown}
 k - a scroll of poison {unknown}
 m - a scroll of vulnerability {unknown}
Potions
 b - a potion of lignification
 g - a potion of degeneration
 l - a potion of attraction {unknown}


   Skills:
 + Level 2.7 Fighting
 + Level 1.0 Short Blades
 + Level 1.0 Long Blades
 + Level 1.0 Axes
 + Level 1.0 Maces & Flails
 + Level 1.0 Polearms
 + Level 1.0 Staves
 + Level 1.0 Ranged Weapons
 + Level 1.0 Throwing
 + Level 1.0 Armour
 + Level 4.6 Dodging
 + Level 1.0 Stealth
 + Level 1.0 Shields
 + Level 6.5 Unarmed Combat
 + Level 5.0 Spellcasting
 + Level 0.7 Conjurations
 + Level 0.7 Hexes
 + Level 0.7 Summonings
 + Level 0.7 Necromancy
 + Level 0.7 Translocations
 + Level 3.8 Transmutations
 + Level 0.7 Fire Magic
 + Level 0.7 Ice Magic
 + Level 0.7 Air Magic
 + Level 0.7 Earth Magic
 + Level 0.7 Poison Magic
 + Level 1.1 Invocations
 + Level 1.0 Evocations


You had 9 spell levels left.
You knew the following spells:

 Your Spells              Type           Power      Damage    Failure   Level
a - Beastly Appendage     Tmut           20%        N/A       4%          1
b - Wereblood             Tmut           10%        N/A       7%          2

Your spell library contained the following spells:

 Spells                   Type           Power      Damage    Failure   Level
 Passwall                 Tmut/Erth      5%         N/A       14%         2
 Ensorcelled Hibernation  Hex/Ice        8%         N/A       26%         2
 Spider Form              Tmut/Pois      7%         N/A       26%         3
 Swiftness                Air            4%         N/A       45%         3
 Ice Form                 Ice/Tmut       7%         N/A       65%         4


Dungeon Overview and Level Annotations

Branches:
Dungeon (2/15)

Altars:
Ru

Shops:
D:1 [   D:2 [


Innate Abilities, Weirdness & Mutations

You have very sharp teeth.
Your uncanny sense of smell can sniff out nearby items.
Your experience applies equally to all skills.


Message History

n - a purple potion The adder hisses angrily.
You see here a book of Decay.
You grow a pair of large bovine horns.
Your feet morph into talons.
Your transformation is almost over.
The adder completely misses you.
You barely miss the adder. The adder bites you.
You are poisoned.
The adder poisons you!
You closely miss the adder.
You feel sick. The adder misses you.
You miss the adder.
You feel sick. The adder bites you.
You miss the adder. Your headbutt misses the adder. Your bite misses the adder.
You feel sick. The adder bites you.
You barely miss the adder.
You feel sick. The adder bites you but does no damage.
You closely miss the adder. Your bite misses the adder.
You feel sick. The adder completely misses you.
You barely miss the adder. The adder barely misses you.
You closely miss the adder. Your kick misses the adder.
Your bite misses the adder.
You feel sick. The adder bites you.
You are more poisoned.
The adder poisons you! The adder bites you.
You closely miss the adder. You bite the adder.
The adder is lightly wounded.
You feel sick. The adder barely misses you.
You miss the adder.
The adder is lightly wounded.
You feel sick. The adder bites you.
* * * LOW HITPOINT WARNING * * *
It was a potion of degeneration.
There was something very wrong with that liquid.
You feel weakened.
You feel dopey.
You feel clumsy.
You feel sick. The adder bites you.
* * * LOW HITPOINT WARNING * * *
It was a potion of mutation.
You feel extremely strange.
Your horns disappear.
Your talons disappear.
* * * LOW HITPOINT WARNING * * *
You feel sick. The adder closely misses you. The adder barely misses you.
It was a potion of haste.
You feel yourself speed up.
You die...

#.# #..........!...##
#.### #.._.............
#...###................
#.#....................
#.####..#.............
#.# #..##...........
#.# ##..#.###...#.. #.#
##.#.......#.# # #.#
#..####.#@# ∆ . #.#
##.# #.#S# # #)#####
#.# ..... #.....# #..
#...... #.....#
.........^.. #.....#
............# ∆
#.....#.............#
#.....#.............#
..#####.....#...


You could see an adder.

Vanquished Creatures
  2 adders (D:2)
  2 dart slugs
  3 bats
  4 endoplasms (D:1)
  4 goblins
  A hobgoblin (D:2)
  A jackal (D:1)
  A quokka (D:2)
  3 frilled lizards
  3 kobolds (D:1)
  6 rats
30 creatures vanquished.

Notes
Turn   | Place    | Note
-------+----------+-------------------------------------------
     0 | D:1      | FishyPogo the Gnoll Transmuter began the quest for the Orb.
     0 | D:1      | Reached XP level 1. HP: 17/17 MP: 6/6
    54 | D:1      | Found Ofutoser's Antique Armour Shop.
   224 | D:1      | Reached XP level 2. HP: 23/23 MP: 7/7
   390 | D:1      | Learned a level 2 spell: Wereblood
   892 | D:2      | Reached skill level 5 in Spellcasting
   892 | D:2      | Reached XP level 3. HP: 25/28 MP: 6/9
   933 | D:2      | Reached skill level 1 in Invocations
   984 | D:2      | Found Onaephip's Armour Boutique.
  1037 | D:2      | Reached skill level 1 in Short Blades
  1037 | D:2      | Reached skill level 1 in Long Blades
  1037 | D:2      | Reached skill level 1 in Axes
  1037 | D:2      | Reached skill level 1 in Maces & Flails
  1037 | D:2      | Reached skill level 1 in Polearms
  1037 | D:2      | Reached skill level 1 in Staves
  1037 | D:2      | Reached skill level 1 in Ranged Weapons
  1037 | D:2      | Reached skill level 1 in Throwing
  1037 | D:2      | Reached skill level 1 in Armour
  1037 | D:2      | Reached skill level 1 in Stealth
  1037 | D:2      | Reached skill level 1 in Shields
  1037 | D:2      | Reached skill level 1 in Evocations
  1157 | D:2      | Found a sacrificial altar of Ru.
  1221 | D:2      | HP: 1/28 [adder (4)]
  1223 | D:2      | Succumbed to an adder's poison

Illustrated notes

Levels and vault maps discovered:
D:1:      dpeg_arrival_fog, layout_loops_ring, serial_shops,
          nicolae_shop_temple_entry_statues_fountains, minmay_quantized
D:2:      layout_basic, basic_altar, serial_shops, shop, uniq_jessica

Skill      XL: |  1  2  3 |
---------------+----------+-----
Spellcasting   | 5 |  5.0
Invocations    | 1 |  1.1
Short Blades   | 1 |  1.0
Long Blades    | 1 |  1.0
Axes           | 1 |  1.0
Maces & Flails | 1 |  1.0
Polearms       | 1 |  1.0
Staves         | 1 |  1.0
Ranged Weapons | 1 |  1.0
Throwing       | 1 |  1.0
Armour         | 1 |  1.0
Stealth        | 1 |  1.0
Shields        | 1 |  1.0
Evocations     | 1 |  1.0
Fighting       | |  2.7
Dodging        | |  4.6
Unarmed Combat | |  6.5
Conjurations   | |  0.7
Hexes          | |  0.7
Summonings     | |  0.7
Necromancy     | |  0.7
Translocations | |  0.7
Transmutations | |  3.8
Fire Magic     | |  0.7
Ice Magic      | |  0.7
Air Magic      | |  0.7
Earth Magic    | |  0.7
Poison Magic   | |  0.7

Action                     || total
---------------------------++-------
  Melee: Unarmed           ||    73
         Kick              ||    12
         Headbutt          ||     6
         Bite              ||     3
         Punch             ||     2
   Cast: Beastly Appendage ||    19
         Wereblood         ||     1
    Use: Potion            ||     3
   Stab: Sleeping          ||     1
 Armour: Robe              ||     6
  Dodge: Dodged            ||    38
